 Dungeon Crawl Stone Soup version 0.28.0-62-gf88900778d (webtiles) character file.

Game seed: 12448455166140403878

17325 cbfl8 the Cleaver (level 12, -3/106 HPs)
             Began as a Minotaur Berserker on Apr 28, 2023.
             Was a High Priest of Trog.
             Hit by a large rock thrown by a cyclops (34 damage)
             ... summoned by an orange crystal statue
             ... while paralysed
             ... on level 12 of the Dungeon.
             The game lasted 00:21:28 (16424 turns).

cbfl8 the Cleaver (Minotaur Berserker)             Turns: 16424, Time: 00:21:28

Health: -3/106     AC: 12    Str: 30    XL:     12   Next: 17%
Magic:  0/11       EV:  2    Int: -1 (4) God:    Trog [*****.]
Gold:   726        SH:  0    Dex: 19    Spells: 11/11 levels left

rFire   . . .      SeeInvis .   g - +2 broad axe (flame)
rCold   . . .      Faith    .   G - +0 kite shield
rNeg    . . .      Spirit   .   o - +0 chain mail
rPois   .          Reflect  .   (helmet restricted)
rElec   .          Harm     .   (no cloak)
rCorr   .          Rampage  .   (no gloves)
Will    .....                   h - +0 pair of boots
Stlth   ..........              x - amulet of the acrobat
HPRegen 0.27/turn               a - +6 ring of strength
MPRegen 0.12/turn               y - +6 ring of dexterity

@: paralysed, slowed, lost intelligence, unable to read
A: horns 2, retaliatory headbutt
a: Renounce Religion, Berserk, Trog's Hand, Brothers in Arms


You were on level 12 of the Dungeon.
You worshipped Trog.
Trog was extremely pleased with you.
You visited 1 branch of the dungeon, and saw 13 of its levels.
You also visited: Ossuary.

You collected 726 gold pieces.

Inventory:

Hand Weapons
 g - a +2 broad axe of flaming (weapon)
Missiles
 r - 3 javelins
Armour
 h - a +0 pair of boots (worn)
 o - a +0 chain mail (worn)
 G - a +0 kite shield (worn)
Jewellery
 a - a +6 ring of strength (left hand)
 m - a ring of protection from cold
 s - a +4 ring of evasion
 x - an amulet of the acrobat (around neck)
 y - a +6 ring of dexterity (right hand)
Wands
 q - a wand of iceblast (15) (quivered)
 w - a wand of flame (23)
Scrolls
 b - a scroll of teleportation
 e - 4 scrolls of immolation
 f - 2 scrolls of holy word {unknown}
 i - 7 scrolls of fear
 j - 3 scrolls of fog
 p - a scroll of brand weapon {unknown}
 B - 7 scrolls of noise
 F - 2 scrolls of enchant armour
 I - a scroll of enchant weapon
 L - 3 scrolls of magic mapping
Potions
 c - 6 potions of might
 d - a potion of resistance {unknown}
 k - 3 potions of heal wounds {unknown}
 l - 3 potions of lignification {unknown}
 n - 2 potions of mutation {unknown}
 t - 6 potions of curing {unknown}
 v - a potion of haste {unknown}
 z - a potion of attraction {unknown}
 C - 3 potions of invisibility {unknown}
 D - a potion of ambrosia {unknown}
 E - a potion of cancellation {unknown}
 J - 2 potions of magic {unknown}
 K - a potion of flight {unknown}


   Skills:
 * Level 10.1 Fighting
 * Level 14.3 Axes
 + Level 0.5 Throwing
 * Level 9.4 Armour
 * Level 7.0 Dodging
 * Level 5.4 Stealth
 * Level 7.7 Shields
 * Level 5.3 Evocations


You had 11 spell levels left.
You didn't know any spells.
Your spell library was empty.

Dungeon Overview and Level Annotations

Branches:
Dungeon (13/15)            Temple (0/1) D:7            Lair (0/6) D:8
    Orc (0/2) D:9         Ossuary (visited)
 Vaults: D:13-14

Altars:
Dithmenos
Elyvilon
Gozag
Hepliaklqana
Kikubaaqudgha
Makhleb
Okawaru
Qazlal
Ru
Sif Muna
Uskayaw
Xom
Zin

Shops:
D:9 (   D:11 [

Annotations:
D:3 2 transporters
D:7 2 transporters, exclusion: ice statue, cbfl8's ghost, novice MiBe
D:12 exclusion: orange crystal statue


Innate Abilities, Weirdness & Mutations

You have a pair of horns on your head.
You reflexively headbutt those who attack you in melee.


Message History

The yak is almost dead.
You block the yak's attack.
Unknown command.
You slash the yak! You burn the yak.
You kill the yak!
The yak's corpse dissolves into shadows!
No reachable target in view!
The cyclops throws a large rock.
The large rock misses you.
The orange crystal statue glitters.
You are confused.
You see here a +0 war axe.
You slash the orange crystal statue! You headbutt the orange crystal statue.
The orange crystal statue is moderately damaged.
The cyclops throws a large rock.
The large rock hits you!!!
* * * LOW HITPOINT WARNING * * *
You nearly stumble into some lava!
The orange crystal statue fixes its piercing gaze on you.
You feel your power leaking away.
You hit the orange crystal statue but do no damage.
The orange crystal statue is moderately damaged.
The orange crystal statue fixes its piercing gaze on you.
You nearly stumble into some lava!
The orange crystal statue glitters.
You resist with some effort.
Okay, then.
You nearly stumble into some lava!
The orange crystal statue fixes its piercing gaze on you.
Something tries to feed on your intellect!
You barely miss the orange crystal statue.
You headbutt the orange crystal statue, but do no damage.
The orange crystal statue is moderately damaged.
You slash the orange crystal statue!
You headbutt the orange crystal statue, but do no damage.
The orange crystal statue is moderately damaged.
You feel less confused.
The orange crystal statue fixes its piercing gaze on you.
You feel dopey.
You have lost your intelligence.
Something feeds on your intellect!
The cyclops throws a large rock.
The large rock hits you!!
You die...

....#.#.....#....#..##+##...#
....#.'.....##..............#
#'###.#.....................#####
......##......................>..
.......#.....................###.
.......#.........≈≈§.........#.##
.......###.....Y≈§C≈≈........#...
................≈§Y≈.≈.......#...
###'##.........≈@8Y/≈........#...
.....#...#....§§§§Y>§§.......#...
.....#...#.....§≈≈§(§§.......###'
.....#...#......§§§§§§......(....
######...#......§§§§§§...........
.........##......................
.........##..............#####.##
.#####...###(...........## ### .#
#................###


You could see an orange crystal statue, a cyclops (summoned) and 4 yaks.

Vanquished Creatures
  Fannar (D:10)
  Harold (D:11)
  A hydra (D:11)
  A centaur warrior (D:11)
  Erica (D:8)
  A two-headed ogre (D:11)
  3 cyclopes (D:12)
  3 manticores (D:12)
  4 kobold demonologists (D:11)
  4 komodo dragons
  3 slime creatures (D:12)
  A troll (D:12)
  A vampire (D:11)
  2 wyverns
  A shadow (D:10)
  12 yaks
  A steam dragon (D:8)
  Edmund (D:4)
  3 acid dragons
  3 orc warriors
  A necrophage (D:6)
  A black bear (D:4)
  A sky beast (D:8)
  2 ogres
  6 centaurs
  A phantom (D:7)
  Blork the orc (D:4)
  3 kobold brigands
  A gnoll sergeant (D:6)
  5 scorpions
  A wyvern skeleton (D:5)
  A wyvern zombie (D:6)
  2 elf skeletons (D:7)
  7 killer bees
  12 wights
  5 howler monkeys
  2 lava snakes (D:12)
  4 crimson imps (D:10)
  6 centaur zombies
  4 human zombies
  A gnoll shaman (D:7)
  4 orc priests
  A jelly (D:6)
  A hound (D:2)
  A bullfrog skeleton (D:2)
  2 centaur skeletons
  5 iguanas
  9 orc wizards
  Ijyb (D:4)
  A human skeleton (D:7)
  3 mummies (Ossuary)
  3 howler monkey zombies
  2 howler monkey skeletons (D:6)
  7 gnolls
  4 adders
  An ufetubus (D:5)
  5 worms
  2 dart slugs
  30 orcs
  10 ball pythons
  9 endoplasms
  7 giant cockroaches
  2 gnoll zombies (Ossuary)
  8 goblins
  7 hobgoblins
  2 quokkas
  6 bats
  2 frilled lizards (D:1)
  A goblin zombie (Ossuary)
  2 hobgoblin zombies (Ossuary)
  17 kobolds
  A kobold zombie (Ossuary)
  An orc skeleton (D:7)
  9 rats
  A spectral hobgoblin (D:7)
282 creatures vanquished.

Notes
Turn   | Place    | Note
-------+----------+-------------------------------------------
     0 | D:1      | cbfl8 the Minotaur Berserker began the quest for the Orb.
     0 | D:1      | Reached XP level 1. HP: 19/19 MP: 0/0
   180 | D:1      | Reached XP level 2. HP: 21/27 MP: 1/1
   182 | D:1      | Reached skill level 4 in Axes
   372 | D:1      | Reached XP level 3. HP: 32/33 MP: 2/2
   435 | D:1      | Reached ** piety under Trog
   441 | D:1      | Reached skill level 1 in Shields
   560 | D:1      | Found a faded altar of an unknown god.
  1220 | D:2      | Reached skill level 1 in Stealth
  1220 | D:2      | Reached XP level 4. HP: 36/41 MP: 3/3
  1622 | D:3      | Identified the +3 long sword "Toeghoug" {speed, rF++ Dex+6
                  | Stlth-}
  1659 | D:3      | Noticed an ogre
  1661 | D:3      | Found a transporter.
  1667 | D:3      | Killed an ogre
  1668 | D:3      | Reached skill level 5 in Axes
  1668 | D:3      | Reached skill level 1 in Evocations
  1668 | D:3      | Reached XP level 5. HP: 9/47 MP: 4/4
  2003 | D:3      | Found a transporter.
  2613 | D:4      | Reached *** piety under Trog
  2720 | D:4      | Found a white marble altar of Elyvilon.
  2755 | D:4      | Noticed Blork the orc
  2766 | D:4      | Killed Blork the orc
  2767 | D:4      | Reached skill level 5 in Fighting
  2767 | D:4      | Reached XP level 6. HP: 13/56 MP: 5/5
  3388 | D:4      | Reached skill level 6 in Axes
  3435 | D:4      | Noticed Ijyb
  3439 | D:4      | Killed Ijyb
  3476 | D:4      | Noticed Edmund
  3483 | D:4      | Killed Edmund
  3484 | D:4      | Reached XP level 7. HP: 61/61 MP: 6/6
  3919 | D:5      | Entered Level 5 of the Dungeon
  3926 | D:5      | Reached skill level 7 in Axes
  5066 | D:5      | Reached XP level 8. HP: 70/70 MP: 7/7
  5200 | D:5      | Found a stormy altar of Qazlal.
  5204 | D:5      | Noticed an air elemental
  5449 | D:6      | Found a shadowy altar of Dithmenos.
  5539 | D:6      | Reached skill level 8 in Axes
  6619 | D:7      | Found a staircase to the Ecumenical Temple.
  6731 | D:7      | Reached skill level 9 in Axes
  6744 | D:7      | Reached **** piety under Trog
  6911 | D:7      | Found a sand-covered staircase.
  6922 | D:7      | Reached XP level 9. HP: 74/78 MP: 8/8
  6926 | Ossuary  | Entered an ossuary
  7028 | Ossuary  | Reached skill level 5 in Armour
  7306 | D:7      | Found a transporter.
  7308 | D:7      | Noticed an ice statue
  7309 | D:7      | Noticed cbfl8's ghost (novice MiBe)
  7311 | D:7      | Noticed a four-headed hydra
  7346 | D:7      | Found a transporter.
  7407 | D:7      | Reached skill level 10 in Axes
  7978 | D:7      | Found a hazy altar of Hepliaklqana.
  8104 | D:7      | Found an iron altar of Okawaru.
  8104 | D:7      | Found a hide-covered altar of Uskayaw.
  8104 | D:7      | Found a shimmering blue altar of Sif Muna.
  8272 | D:8      | Identified the +5 war axe of Tender Mercy {pain, rC+}
  8889 | D:8      | Noticed a komodo dragon
  8896 | D:8      | Killed a komodo dragon
  8897 | D:8      | Reached skill level 5 in Dodging
  9468 | D:8      | Noticed a komodo dragon
  9473 | D:8      | Killed a komodo dragon
  9474 | D:8      | Reached skill level 11 in Axes
  9748 | D:8      | Noticed a komodo dragon
  9749 | D:8      | Noticed Erica
  9753 | D:8      | Killed a komodo dragon
  9754 | D:8      | Reached XP level 10. HP: 88/88 MP: 9/9
  9761 | D:8      | Killed Erica
  9762 | D:8      | Reached skill level 5 in Shields
  9839 | D:8      | Found a staircase to the Lair.
 10158 | D:9      | Found Fokhlilia's Weapon Emporium.
 10373 | D:9      | Found a staircase to the Orcish Mines.
 11403 | D:10     | Entered Level 10 of the Dungeon
 11410 | D:10     | Reached skill level 12 in Axes
 11426 | D:10     | Reached ***** piety under Trog
 11605 | D:10     | Found an ancient bone altar of Kikubaaqudgha.
 11636 | D:10     | Found an opulent altar of Gozag.
 11794 | D:10     | Found a sacrificial altar of Ru.
 12001 | D:10     | Found a burning altar of Makhleb.
 12002 | D:10     | Found a glowing silver altar of Zin.
 12002 | D:10     | Noticed an angel
 12003 | D:10     | Noticed a blizzard demon
 12048 | D:10     | Found a shimmering altar of Xom.
 12053 | D:10     | Identified the +11 quarterstaff of Indomitability {vorpal,
                  | Dex+3}
 12115 | D:10     | Noticed Fannar
 12126 | D:10     | Killed Fannar
 12127 | D:10     | Reached XP level 11. HP: 97/97 MP: 10/10
 12489 | D:11     | Noticed Harold
 12501 | D:11     | Killed Harold
 12525 | D:11     | Reached skill level 13 in Axes
 12525 | D:11     | Noticed a sun demon
 12533 | D:11     | Found Myif's Specialty Armours.
 12533 | D:11     | Noticed a centaur warrior
 13020 | D:11     | Killed a centaur warrior
 13397 | D:11     | Reached skill level 5 in Stealth
 13571 | D:11     | Noticed a four-headed hydra
 13571 | D:11     | Noticed a two-headed ogre
 13575 | D:11     | Killed a two-headed ogre
 13579 | D:11     | Killed a six-headed hydra
 13580 | D:11     | Reached skill level 5 in Evocations
 14045 | D:12     | Reached skill level 14 in Axes
 14129 | D:12     | Noticed an orange crystal statue
 14456 | D:12     | Reached skill level 10 in Fighting
 14456 | D:12     | Reached XP level 12. HP: 103/106 MP: 11/11
 16399 | D:12     | Noticed a four-headed hydra
 16423 | D:12     | Lost intelligence.
 16424 | D:12     | Hit by a large rock thrown by a cyclops

Illustrated notes

Levels and vault maps discovered:
D:1:      evilmike_arrival_hilbert_curve, layout_basic,
          shapermc_ecumenical_altar_venn, minmay_pentomino_w2
D:2:      layout_rooms
D:3:      gammafunk_wand_slinger, layout_basic, minmay_misc_feat_square,
          nicolae_wormholes
D:4:      layout_gridville, elyvilon_altar_4, uniq_blork_the_orc, uniq_edmund,
          uniq_ijyb
D:5:      layout_gridville, nicolae_qazlal_style_of_elements
D:6:      layout_basic, kennysheep_little_box
D:7:      layout_loops_ring, nicolae_hepliaklqana_monster_ancestors,
          gammafunk_temple_overflow_claw, minmay_temple_entry_hall,
          nicolae_ossuary_entry_catacombs, nzn_ghost_randoct, minmay_hedge_maze
D:8:      layout_loops_ring, erik_lair_dragon, uniq_erica
D:9:      layout_gridville, david_orc_3, serial_shops,
          nicolae_shop_bloodbath_and_beyond, minmay_misc_feat_more_columns,
          abandoned_shop
D:10:     layout_long_grid, grunt_temple_overflow_order_and_chaos_2,
          lemuel_doored_altar, mainiacjoe_overflow_cross_hatched, led_xom_imps,
          nicolae_ru_great_annihilating_truth, uniq_fannar
D:11:     layout_basic, nicolae_barding_shop, uniq_harold
D:12:     layout_irregular_city, disabler_island
D:13:     layout_rooms, serial_shops, nicolae_square_shop, shop, shop

Skill      XL: |  1  2  3  4  5  6  7  8  9 10 11 12 |
---------------+-------------------------------------+-----
Axes           | 4 5 6 7 9 11 12 14 | 14.3
Fighting       | 4 5 6 7 9 10 | 10.1
Shields        | 1 2 3 4 5 7 |  7.7
Stealth        | 1 2 3 4 5 |  5.4
Armour         | 3 4 6 7 9 |  9.4
Dodging        | 3 4 5 6 7 |  7.0
Evocations     | 1 2 3 4 5 |  5.3
Throwing       | |  0.5

Action                   |  1- 3 |  4- 6 |  7- 9 | 10-12 || total
-------------------------+-------+-------+-------+-------++-------
Melee: Hand axe          |    84 |    64 |       |       ||   148
       Headbutt          |     7 |    12 |    66 |    70 ||   155
       War axe           |       |    16 |   241 |   178 ||   435
       Broad axe         |       |       |       |    75 ||    75
Throw: Javelin           |       |       |       |     6 ||     6
       Throwing net      |       |       |       |     2 ||     2
Invok: Berserk           |     1 |     3 |     4 |     7 ||    15
       Trog's Hand       |       |       |     2 |       ||     2
       Brothers in Arms  |       |       |       |     1 ||     1
Evoke: Wand              |       |       |       |    12 ||    12
  Use: Scroll            |       |       |     7 |    11 ||    18
       Potion            |       |       |     1 |       ||     1
 Stab: Sleeping          |     2 |     1 |       |       ||     3
Armor: Animal skin       |    15 |    11 |    12 |       ||    38
       Scale mail        |       |       |    42 |     4 ||    46
       Chain mail        |       |       |       |   110 ||   110
Dodge: Dodged            |    72 |    48 |   167 |   215 ||   502
Block: Kite shield       |       |       |       |   153 ||   153
